 Dungeon Crawl Stone Soup version 0.30-a0-170-g85af917532 (webtiles) character file.

Game seed: 10658711856399357274

675 qw the Chopper (level 7, -8/44 HPs)
             Began as a Gargoyle Fighter on Sept 30, 2022.
             Mangled by a gnoll
             ... wielding a +0 halberd
              (12 damage)
             ... on level 5 of the Dungeon.
             The game lasted 00:01:25 (4208 turns).

qw the Chopper (Gargoyle Fighter)                   Turns: 4208, Time: 00:01:25

Health: -8/44      AC: 12    Str: 20 (21) XL:     7   Next: 59%
Magic:  7/7        EV:  5    Int:  9      God:
Gold:   166        SH:  0    Dex:  8 (9)  Spells: 6/6 levels left

rFire   . . .      SeeInvis +    Y - +0 war axe
rCold   . . .      Faith    .    c - +0 buckler
rNeg    + . .      Spirit   .    b - +0 scale mail
rPois   inf        Reflect  .    h - +0 helmet
rElec   +          Harm     .    (no cloak)
rCorr   .          Rampage  .    (no gloves)
Will    .....                    (no boots)
Stlth   ..........               (no amulet)
HPRegen 0.14/turn                k - +4 ring of slaying {mikee}
MPRegen 0.10/turn                p - ring of see invisible

@: held
A: sickness immunity, AC +4, negative energy resistance 1, electricity
resistance, torment resistance 1, petrification resistance
a: no special abilities


You were on level 5 of the Dungeon.
You visited 1 branch of the dungeon, and saw 5 of its levels.

You collected 315 gold pieces.
You spent 149 gold pieces at shops.


Innate Abilities, Weirdness & Mutations

You are immune to sickness and miasma.
Your stone body is resilient. (AC +4)
You are immune to poison.
You resist negative energy. (rN+)
You are resistant to electric shocks. (rElec)
You are resistant to unholy torment.
You are immune to petrification.


   Skills:
 - Level 4.7 Fighting
 + Level 6.8 Axes
 - Level 3.2 Armour
 - Level 1.0 Dodging
 - Level 3.2 Shields


You had 6 spell levels left.
You didn't know any spells.
Your spell library was empty.

Inventory:

Hand Weapons
 j - a +0 flail
 Y - a +0 war axe (weapon)
Armour
 b - a +0 scale mail (worn)
 c - a +0 buckler (worn)
 f - a +0 pair of gloves
 h - a +0 helmet (worn)
Jewellery
 k - a +4 ring of slaying (left hand) {mikee}
 p - a ring of see invisible (right hand)
Scrolls
 m - 2 scrolls of identify
Potions
 a - a potion of curing
 d - 4 potions of might
 e - 2 potions of resistance {unknown}
 l - a potion of lignification
 n - a potion of magic {unknown}

Dungeon Overview and Level Annotations

Branches:
Dungeon (5/15)
 Temple: D:4-7

Altars:

Shops:
D:3 *   D:5 [


Message History

The gnoll hits you but does no damage. The gnoll completely misses you.
You slash the gnoll!
You kill the gnoll!
The gnoll hits you from afar with a +0 halberd.
Your Dodging skill increases to level 1!
You hit the white imp.
The white imp is heavily wounded.
The white imp hits you but does no damage.
The gnoll hits you but does no damage.
The white imp picks up a beetle and eats it.
The white imp hits you but does no damage.
You block the gnoll's attack. The gnoll completely misses you.
You barely miss the white imp.
The white imp is heavily wounded.
You hit the gnoll but do no damage.
The white imp hits you but does no damage.
You block the gnoll's attack. The gnoll barely misses you.
You slash the white imp!
You kill the white imp!
You hit the iguana. You hit the gnoll. The iguana bites you!
The gnoll throws a throwing net.
The throwing net hits you.
You become entangled in the net!
The gnoll hits you but does no damage.
The quokka bites you but does no damage.
You struggle against the net.
The iguana bites you! x2
The gnoll hits you from afar with a +0 halberd.
The gnoll hits you but does no damage.
The quokka bites you but does no damage.
You struggle against the net.
The quokka bites you but does no damage.
The iguana bites you but does no damage.
The iguana barely misses you.
The gnoll hits you from afar with a +0 halberd!
The gnoll hits you with a +0 flail.
You tear a large gash into the net.
The quokka bites you but does no damage.
The iguana barely misses you. The iguana bites you.
The gnoll hits you from afar with a +0 halberd!
You die...

...... .>.... ...
....# ... #.8.##
..!. ###.....##
.....###....<....
....#..lrgg...(.
......8l@)###
...#...###.#
##'##...#
#..#.####
#.###..#.####
............>#
..####..#.##.#
.........##.#
####.......#


You could see 2 iguanas, 2 gnolls and a quokka.

Vanquished Creatures
  Sigmund (D:3)
  A black bear (D:4)
  A centaur (D:5)
  A phantom (D:5)
  2 jellies
  2 hounds (D:4)
  Robin (D:3)
  An adder (D:2)
  2 gnolls
  A white imp (D:5)
  2 worms (D:2)
  2 dart slugs
  7 orcs
  7 ball pythons
  5 bats
  7 endoplasms
  A giant cockroach (D:2)
  8 goblins
  11 hobgoblins
  2 jackals (D:2)
  2 quokkas
  4 frilled lizards
  12 kobolds
  5 rats
88 creatures vanquished.

Notes
Turn   | Place    | Note
-------+----------+-------------------------------------------
     0 | D:1      | qw the Gargoyle Fighter began the quest for the Orb.
     0 | D:1      | Reached XP level 1. HP: 14/14 MP: 1/1
     0 | D:1      | 0 ||| qw: Version: 0.2-a-12-gaebbb33
     0 | D:1      | 0 ||| qw: Game counter: 1604
     0 | D:1      | 0 ||| qw: Always use a shield: true
     0 | D:1      | 0 ||| qw: God list: Okawaru
     0 | D:1      | 0 ||| qw: Allow faded altars: false
     0 | D:1      | 0 ||| qw: Do Orc after D:15 true
     0 | D:1      | 0 ||| qw: Do second Lair branch before Depths: true
     0 | D:1      | 0 ||| qw: Lair rune preference: random
     0 | D:1      | 0 ||| qw: Plans: Normal, Zot:1-4, God:TSO, Crypt, Tomb,
                  | Pan, Slime:5, Hells, Abyss, Orb
     0 | D:1      | 0 ||| PLANNING D:1-11
    41 | D:1      | Reached skill level 2 in Axes
   380 | D:1      | 380 ||| Stepping ~*~*~tactically~*~*~ (stealth).
   385 | D:1      | Reached XP level 2. HP: 19/19 MP: 2/2
   434 | D:1      | 434 ||| Stepping ~*~*~tactically~*~*~ (stealth).
   443 | D:1      | 443 ||| Stepping ~*~*~tactically~*~*~ (stealth).
   444 | D:1      | 444 ||| Stepping ~*~*~tactically~*~*~ (stealth).
   634 | D:1      | Found a faded altar of an unknown god.
   849 | D:1      | Reached skill level 3 in Axes
  1108 | D:1      | 1108 ||| UPGRADING to +0 helmet.
  1113 | D:1      | 1113 ||| READING scroll labelled AHOUN IPOOREC.
  1114 | D:1      | 1114 ||| READING scroll labelled ISOMPIRHERIC.
  1215 | D:1      | 1215 ||| READING scroll labelled RAYSEAGIADGH.
  1216 | D:1      | 1216 ||| READING scroll labelled FIHE SEKIREF.
  1241 | D:2      | Reached XP level 3. HP: 19/23 MP: 3/3
  1241 | D:2      | 1241 ||| STAIRDANCE
  1652 | D:2      | 1652 ||| Stepping ~*~*~tactically~*~*~ (stealth).
  1671 | D:2      | 1671 ||| Stepping ~*~*~tactically~*~*~ (stealth).
  1672 | D:2      | 1672 ||| Stepping ~*~*~tactically~*~*~ (stealth).
  1900 | D:2      | Reached XP level 4. HP: 28/28 MP: 4/4
  1994 | D:2      | 1994 ||| UPGRADING to +4 ring of slaying {mikee}.
  1995 | D:2      | 1995 ||| READING scroll labelled ERIFAR YH DOFALU.
  1996 | D:2      | 1996 ||| READING scroll labelled NUVVUF KEWN.
  1997 | D:2      | 1997 ||| DRINKING 2 fizzy black potions.
  2046 | D:3      | Reached skill level 4 in Axes
  2178 | D:3      | 2178 ||| DROPPING +0 mace.
  2222 | D:3      | Noticed Sigmund
  2231 | D:3      | Killed Sigmund
  2232 | D:3      | Reached skill level 5 in Axes
  2232 | D:3      | Reached XP level 5. HP: 24/32 MP: 5/5
  2232 | D:3      | Reached XP level 6. HP: 28/37 MP: 6/6
  2267 | D:3      | 2267 ||| FLEEEEING.
  2268 | D:3      | 2268 ||| FLEEEEING.
  2504 | D:3      | 2504 ||| Stepping ~*~*~tactically~*~*~ (stealth).
  2506 | D:3      | 2506 ||| Stepping ~*~*~tactically~*~*~ (stealth).
  2512 | D:3      | 2512 ||| Stepping ~*~*~tactically~*~*~ (stealth).
  2518 | D:3      | Noticed Robin
  2527 | D:3      | Killed Robin
  2559 | D:3      | Found Sehaohepp's Assorted Antiques.
  2569 | D:3      | 2569 ||| BUYING scroll labelled EKUIKO VUAW (26 gold).
  2569 | D:3      | Bought a scroll labelled EKUIKO VUAW for 26 gold pieces
  2569 | D:3      | 2569 ||| BUYING scroll labelled HOATHR IBLICRYMM (26 gold).
  2569 | D:3      | Bought a scroll labelled HOATHR IBLICRYMM for 26 gold
                  | pieces
  2569 | D:3      | 2569 ||| BUYING scroll of identify (52 gold).
  2569 | D:3      | Bought a scroll of identify for 52 gold pieces
  3013 | D:3      | 3013 ||| UPGRADING to ring of see invisible.
  3014 | D:3      | 3014 ||| READING scroll labelled MAXERA UTICWUISH.
  3015 | D:3      | 3015 ||| READING scroll labelled EKUIKO VUAW.
  3016 | D:3      | 3016 ||| READING scroll labelled HOATHR IBLICRYMM.
  3017 | D:3      | 3017 ||| READING scroll labelled INGUNE IWIU.
  3022 | D:3      | 3022 ||| DRINKING 2 white potions.
  3023 | D:3      | 3023 ||| READING 2 scrolls of identify.
  3023 | D:3      | 3023 ||| IDENTIFYING smoky inky potion
  3024 | D:3      | 3024 ||| DROPPING potion of brilliance.
  3025 | D:3      | 3025 ||| DROPPING potion of degeneration.
  3063 | D:4      | 3063 ||| Stepping ~*~*~tactically~*~*~ (stealth).
  3092 | D:4      | Noticed a black bear
  3093 | D:4      | 3093 ||| Stepping ~*~*~tactically~*~*~ (stealth).
  3094 | D:4      | 3094 ||| Stepping ~*~*~tactically~*~*~ (stealth).
  3103 | D:4      | Killed a black bear
  3378 | D:4      | 3378 ||| Stepping ~*~*~tactically~*~*~ (hiding).
  3446 | D:4      | Reached skill level 6 in Axes
  3446 | D:4      | Reached XP level 7. HP: 41/44 MP: 7/7
  3496 | D:4      | 3496 ||| FLEEEEING.
  3624 | D:4      | 3624 ||| READING scroll labelled PAOPTA CUPSI.
  3625 | D:4      | 3625 ||| DRINKING 2 ruby potions.
  3726 | D:4      | 3726 ||| READING 4 scrolls of identify.
  3726 | D:4      | 3726 ||| IDENTIFYING red potion
  3727 | D:4      | 3727 ||| READING 3 scrolls of identify.
  3727 | D:4      | 3727 ||| IDENTIFYING grey potion
  3728 | D:4      | 3728 ||| READING 2 scrolls of identify.
  3728 | D:4      | 3728 ||| IDENTIFYING yellow potion
  3729 | D:4      | 3729 ||| DROPPING potion of ambrosia.
  3730 | D:4      | 3730 ||| DROPPING potion of berserk rage.
  3731 | D:4      | 3731 ||| DROPPING potion of invisibility.
  3747 | D:5      | Entered Level 5 of the Dungeon
  3785 | D:5      | 3785 ||| Stepping ~*~*~tactically~*~*~ (stealth).
  3886 | D:5      | Found Tos Rahua's Armour Shoppe.
  3889 | D:5      | 3889 ||| BUYING +0 pair of gloves (45 gold).
  3889 | D:5      | Bought a +0 pair of gloves for 45 gold pieces
  3979 | D:5      | 3979 ||| Stepping ~*~*~tactically~*~*~ (hiding).
  4203 | D:5      | Reached skill level 1 in Dodging
  4207 | D:5      | HP: 6/44 [gnoll/+0 halberd (7)]
  4208 | D:5      | Mangled by a gnoll

Levels and vault maps discovered:
D:1:      dpeg_arrival_solitude, layout_rooms,
          hellmonk_ecumenical_altar_pennies_from_heaven,
          chequers_serial_rivers_large_a, dk_noncrumbling_4
D:2:      layout_loops_cross, minmay_distorted
D:3:      layout_basic, serial_shops, nicolae_lakefront_shop,
          nrook_mini_backslash, uniq_robin, uniq_sigmund
D:4:      minmay_chambers_of_threes, layout_basic,
          chequers_serial_rivers_micro_a
D:5:      layout_loops_ring, serial_shops, nicolae_shop_trees,
          grunt_ministairs_13, hangedman_abyss_or_decor_passed, uniq_duvessa,
          uniq_pikel, uniq_blork_the_orc

Skill      XL: |  1  2  3  4  5  6  7 |
---------------+----------------------+-----
Axes           | 2 3 5 6 |  6.8
Fighting       | 4 |  4.7
Dodging        | 1 |  1.0
Armour         | |  3.2
Shields        | |  3.2

Action                   |  1- 3 |  4- 6 |  7- 9 || total
-------------------------+-------+-------+-------++-------
Melee: War axe           |   100 |    92 |    49 ||   241
  Use: Scroll            |     4 |     7 |     4 ||    15
       Potion            |       |     2 |     1 ||     3
Armor: Scale mail        |    48 |    47 |    45 ||   140
Dodge: Dodged            |    34 |    30 |    26 ||    90
Block: Buckler           |    13 |    14 |    11 ||    38

Table legend:
 A = Non-vault XP
 B = Vault XP
 C = Vault XP percentage of total XP
 D = Non-vault monster count
 E = Vault monster count
 F = Vault count percentage of total count
                 A         B        C        D         E       F
            +---------+---------+-------+---------+---------+-------
      Total |     562 |     403 |  41.8 |      61 |      27 |  30.7
            +---------+---------+-------+---------+---------+-------
        D:1 |      33 |       0 |   0.0 |      22 |       0 |   0.0
        D:2 |      47 |       3 |   6.0 |      16 |       2 |  11.1
        D:3 |      24 |     266 |  91.7 |      12 |      12 |  50.0
        D:4 |     181 |     120 |  39.9 |       5 |      12 |  70.6
        D:5 |     277 |      14 |   4.8 |       6 |       1 |  14.3
            +---------+---------+-------+---------+---------+-------
